 Dungeon Crawl Stone Soup version 0.31-a0-931-g7b59d4eb97 (webtiles) character file.

Game seed: 14094023836165518570

60 Error4North the Twirler (level 4, 0/45 HPs)
             Began as an Ogre Gladiator on Oct 19, 2023.
             Slain by a gnoll
             ... wielding a +0 whip
              (6 damage)
             ... on level 3 of the Dungeon.
             The game lasted 00:05:35 (1553 turns).

Error4North the Twirler (Ogre Gladiator)            Turns: 1553, Time: 00:05:36

Health: 0/45       AC:  3    Str: 20    XL:     4   Next: 4%
Magic:  4/4        EV: 10    Int:  9    God:
Gold:   83         SH:  0    Dex: 10    Spells: 3/3 levels left

rFire   . . .        a - +0 quarterstaff
rCold   . . .        (shield currently unavailable)
rNeg    . . .        b - +0 robe
rPois   .            c - +0 hat
rElec   .            (no cloak)
rCorr   +            (gloves unavailable)
SInv    .            (boots unavailable)
Will    .....        (no amulet)
Stlth   +            l - ring of resist corrosion
HPRegen 0.27/turn    (no ring)
MPRegen 0.09/turn

%: no passive effects
@: no status effects
A: large, unfitting armour, tough skin 1
a: no special abilities


You were on level 3 of the Dungeon.
You visited 1 branch of the dungeon, and saw 3 of its levels.

You collected 83 gold pieces.

Inventory:

Hand Weapons
 a - a +0 quarterstaff (weapon)
Missiles
 d - 3 throwing nets (quivered)
 e - a large rock
Armour
 b - a +0 robe (worn)
 c - a +0 hat (worn)
Jewellery
 l - a ring of resist corrosion (left hand)
Scrolls
 i - 2 scrolls of enchant weapon {unknown}
 j - 2 scrolls of identify {unknown}
 k - a scroll of enchant armour {unknown}
 m - 2 scrolls of fog {unknown}
 n - a scroll of torment {unknown}
 o - 2 scrolls of brand weapon {unknown}
Potions
 f - a potion of curing {unknown}
 h - a potion of degeneration {unknown}


   Skills:
 * Level 3.1 Fighting
 + Level 3.5 Staves
 + Level 2.0 Throwing
 * Level 0.7 Armour
 * Level 3.5 Dodging


You had 3 spell levels left.
You didn't know any spells.
Your spell library contained the following spells:

 Spells                   Type           Power      Damage    Failure   Level
 Static Discharge         Conj/Air       0%         2-2/arc   52%         2
 Airstrike                Air            0%         2d(0-16)  99%         4
 Summon Lightning Spire   Summ/Air       0%         N/A       99%         4


Dungeon Overview and Level Annotations

Branches:
Dungeon (3/15)

Altars:
Ru

Shops:
D:1 *


Innate Abilities, Weirdness & Mutations

You are too large for most types of armour.
You have tough skin. (AC +1)


Message History

You swap places.
The gnoll misses your butterfly.
You swap places.
The gnoll hits your butterfly with a +0 whip.
Your butterfly dies!
Your butterfly disappears in a burst of colours!
You swap places.
The gnoll barely misses your butterfly. The gnoll barely misses your butterfly.
The gnoll closely misses your butterfly.
Sorry, you're not good enough to have a special ability.
What are your orders? t - Shout!
Orders for allies: a - Attack new target. r - Retreat! s - Stop attacking. g - Guard the area. f - Follow me.
Anything else - Cancel.
Gang up on whom?
Press: ? - help, Dir - move target, f - gnoll
Aim: a gnoll, wielding a +0 whip (almost dead, ally target) Attack!
Unknown command.
The gnoll misses your butterfly. The gnoll barely misses your butterfly.
The gnoll hits your butterfly with a +0 whip!
Your butterfly dies!
Your butterfly disappears in a burst of colours!
You closely miss the gnoll.
The gnoll is almost dead.
Your butterfly disappears in a burst of colours!
The gnoll hits you with a +0 whip.
* * * LOW HITPOINT WARNING * * *
You closely miss the gnoll.
The gnoll is almost dead.
The gnoll hits you with a +0 whip.
* * * LOW HITPOINT WARNING * * *
You swap places.
Your butterfly disappears in a burst of colours!
The gnoll attacks as it pursues you! The gnoll closely misses you.
There is a stone staircase leading up here.
The gnoll hits you with a +0 whip.
You die...

#)#b#...######### #.#.b........#
...#.#.#...##.# .............##.#
.##.#.#.#...##.# ...........##.#
#.# ..........##.# ####.#
#.###.#.#b#÷g)##.# #....#
..........@.##.# #.##.#
##...#.###÷##.######.##.#
##..#.###.#.#.###...........##.#
................%.##.######.##.#
##..#.###.#.#.###.##.######.##.##
....#.###.#.#.#.................#
##.##.........#.#.#########.#####
##................# #.#
##.##.###.###.#.#.#########.#


You could see a gnoll (ally target).

Vanquished Creatures
  2 adders
  A worm (D:2)
  4 orcs (D:3)
  3 ball pythons
  5 bats
  An endoplasm (D:2)
  2 giant cockroaches (D:2)
  2 goblins (D:1)
  3 jackals
  4 quokkas (D:2)
  4 kobolds
  2 rats
33 creatures vanquished.

Notes
Turn   | Place    | Note
-------+----------+-------------------------------------------
     0 | D:1      | Error4North the Ogre Gladiator began the quest for the Orb.
     0 | D:1      | Reached XP level 1. HP: 22/22 MP: 1/1
   328 | D:1      | Found Nicvom's Assorted Antiques.
   449 | D:1      | Reached XP level 2. HP: 31/31 MP: 2/2
   507 | D:1      | Found a faded altar of an unknown god.
   825 | D:2      | Reached XP level 3. HP: 34/37 MP: 3/3
  1357 | D:2      | Reached XP level 4. HP: 18/45 MP: 4/4
  1497 | D:3      | Found a sacrificial altar of Ru.
  1553 | D:3      | Slain by a gnoll

Illustrated notes

Levels and vault maps discovered:
D:1:      lemuel_arrival_tunnels, layout_loops_ring,
          hellmonk_ecumenical_altar_arch_garden, serial_shops,
          nicolae_shop_tiny_real_fake_doors, minmay_misc_feat_iff
D:2:      layout_rooms
D:3:      kb_forest_paths, layout_basic, mainiacjoe_overflow_big_doors,
          mainiacjoe_overflow_paths

Skill      XL: |  1  2 |
---------------+-------+-----
Fighting       | 3 |  3.1
Dodging        | 3 |  3.5
Staves         | |  3.5
Throwing       | |  2.0
Armour         | |  0.7

Action                     |  1- 3 |  4- 6 || total
---------------------------+-------+-------++-------
  Melee: Quarterstaff      |   113 |    19 ||   132
    Use: Scroll            |       |     1 ||     1
   Stab: Sleeping          |     1 |       ||     1
 Armour: Robe              |    94 |    20 ||   114
  Dodge: Dodged            |    93 |     4 ||    97

Table legend: (Time is in decaauts)
 A = Elapsed time spent in this place.
 B = Non-inter-level travel time spent in this place.
 C = Inter-level travel time spent in this place.
 D = Time resting spent in this place.
 E = Time spent auto-exploring this place.
 F = Levels seen in this place.
 G = Mean time per level.
                   A        B        C        D        E       F      G
               +--------+--------+--------+--------+--------+-----+--------+
         Total |   1571 |   1551 |     20 |    195 |    973 |   3 |  523.7 |
       Dungeon |   1571 |   1551 |     20 |    195 |    973 |   3 |  523.7 |
               +--------+--------+--------+--------+--------+-----+--------+

Top non-repeatable levels by time:
     D:1: 761 daAuts
     D:2: 562 daAuts
     D:3: 247 daAuts
